 Dungeon Crawl Stone Soup version bcrawl-1.23 (webtiles) character file.

Game seed: 11542106559247959047

42 diana the Slasher (level 3, -6/27 HPs)
             Began as a Demonspawn Gladiator on May 23, 2020.
             Mangled by a gnoll (7 damage)
             ... on level 2 of the Dungeon.
             The game lasted 00:02:03 (1192 turns).

diana the Slasher (Demonspawn Gladiator)            Turns: 1192, Time: 00:02:04

Health: -6/27      AC: 12    Str: 20    XL:     3   Next: 33%
Magic:  3/3        EV:  9    Int:  9    God:
Gold:   142        SH:  1    Dex: 14    Spells: 2/2 levels left

rFire    . . .     SeeInvis .   a - +0 long sword
rCold    . . .     Gourm    .   (no shield)
rNeg     . . .     Faith    .   b - +0 leather armour
rPois    .         Spirit   .   c - +0 helmet
rElec    .         Reflect  .   (no cloak)
rCorr    .         Harm     .   (no gloves)
MR       .....                  (no boots)
Stlth    +.........             (no amulet)
HPRegen  0.09/turn              h - +2 ring of protection
MPRegen  0.08/turn              (no ring)

@: mighty, sanguine armour, constricted
A: talons 1, sanguine armour 1
a: no special abilities


You were on level 2 of the Dungeon.
You were not hungry.

You visited 1 branch of the dungeon, and saw 2 of its levels.

You collected 142 gold pieces.

Inventory:

Hand Weapons
 a - a +0 long sword (weapon)
Missiles
 d - 3 throwing nets (quivered) {!f}
Armour
 b - a +0 leather armour (worn)
 c - a +0 helmet (worn)
Jewellery
 h - a +2 ring of protection (left hand)
 o - an uncursed ring of flight {unknown}
Scrolls
 g - a scroll of identify
 j - a scroll of remove curse {unknown}
 k - 4 scrolls of amnesia {unknown}
 l - a scroll of teleportation {unknown}
 m - a scroll of immolation {unknown}
Comestibles
 e - 3 rations {!d}


   Skills:
 - Level 2.0 Fighting
 + Level 4.0 Long Blades
 - Level 1.7 Throwing
 - Level 2.6 Dodging


You had 2 spell levels left.
You didn't know any spells.
Your spell library was empty.

Dungeon Overview and Level Annotations

Branches:
Dungeon (2/12)

Altars:
Jiyva


Innate Abilities, Weirdness & Mutations

You have sharp toenails.
When seriously injured, your bleeding wounds create armour. (AC +6)


Message History

The goblin hits you but does no damage.
The rat twitches its whiskers.
The ball python bites you but does no damage.
The ball python constricts you. The gnoll barely misses you.
The gnoll hits you!
* * * LOW HITPOINT WARNING * * *
The gnoll hits you but does no damage.
The hobgoblin hits you but does no damage.
It was a potion of might.
You feel very mighty all of a sudden. The goblin hits you but does no damage.
The ball python barely misses you. The ball python constricts you.
The gnoll hits you but does no damage. x2
The hobgoblin barely misses you.
The gnoll hits you from afar with a +0 halberd!
* * * LOW HITPOINT WARNING * * *
You closely miss the gnoll. Your kick misses the gnoll.
The ball python barely misses you. The ball python constricts you.
The goblin closely misses you. The gnoll hits you but does no damage.
The gnoll hits you!
You die...

#. ## #........# ... #.
###........# .......#.
.....).....####.......#.
........#...$...........
.(.....r#...............
......gg#...)...........
.....rgS#...............
.....gg@g...............
......g##............(..
......b #...............
....... #...............
....... #...............
....... #...............
....... #..............#
####### #..............#
#..............#


You could see 4 gnolls, 2 hobgoblins, a goblin, a bat, a ball python and 2 rats.

Vanquished Creatures
  An ooze (D:2)
  3 worms
  2 dart slugs (D:2)
  A leopard gecko (D:2)
  2 giant cockroaches (D:2)
  2 goblins
  A hobgoblin (D:2)
  4 kobolds
  A quokka (D:2)
  A ball python (D:1)
  2 bats
  A frilled lizard (D:1)
  4 rats
25 creatures vanquished.

Notes
Turn   | Place    | Note
-------+----------+-------------------------------------------
     0 | D:1      | diana the Demonspawn Gladiator began the quest for the Orb.
     0 | D:1      | Reached XP level 1. HP: 16/16 MP: 1/1
   163 | D:1      | Reached skill level 3 in Long Blades
   318 | D:1      | Gained mutation: When seriously injured, your bleeding
                  | wounds create armour. (AC +6) [demonic ancestry]
   318 | D:1      | Reached XP level 2. HP: 15/22 MP: 2/2
   592 | D:1      | Found a viscous altar of Jiyva.
  1077 | D:2      | Gained mutation: You have sharp toenails. [demonic
                  | ancestry]
  1077 | D:2      | Reached XP level 3. HP: 22/27 MP: 3/3
  1131 | D:2      | Reached skill level 4 in Long Blades
  1191 | D:2      | HP: 1/27 [gnoll/+0 halberd (7)]
  1192 | D:2      | Mangled by a gnoll

Skill      XL: |  1  2  3 |
---------------+----------+-----
Long Blades    | 3 4 |  4.0
Fighting       | |  2.0
Throwing       | |  1.7
Dodging        | |  2.6

Action                   || total
-------------------------++-------
Melee: Long sword        ||    70
       Kick              ||     4
  Use: Potion            ||     3
       Scroll            ||     1
 Stab: Sleeping          ||     1
  Eat: Chunk             ||     1
Armor: Leather armour    ||    28
Dodge: Dodged            ||    71
